 Dungeon Crawl Stone Soup version 0.31-a0-236-g9a0961fb85 (webtiles) character file.

Game seed: 13116951907529933094

30 qw the Shooter (level 3, -8/29 HPs)
             Began as a Minotaur Hexslinger on July 10, 2023.
             Mangled by a worm (10 damage)
             ... on level 1 of the Dungeon.
             The game lasted 00:00:12 (703 turns).

qw the Shooter (Minotaur Hexslinger)                 Turns: 703, Time: 00:00:13

Health: -8/29      AC:  3    Str: 12    XL:     3   Next: 3%
Magic:  0/3        EV: 12    Int: 10    God:
Gold:   33         SH:  0    Dex: 14    Spells: 3/4 levels left

rFire   . . .        Y - +2 sling
rCold   . . .        (no shield)
rNeg    . . .        g - +0 leather armour
rPois   .            (helmet restricted)
rElec   .            (no cloak)
rCorr   .            (no gloves)
SInv    .            (no boots)
Will    .....        h - amulet of guardian spirit
Stlth   +            (no ring)
HPRegen 0.24/turn    (no ring)
MPRegen 0.08/turn

%: guardian spirit
@: no status effects
A: horns 2, retaliatory headbutt
a: no special abilities


You were on level 1 of the Dungeon.
You visited 1 branch of the dungeon, and saw 2 of its levels.

You collected 33 gold pieces.


Innate Abilities, Weirdness & Mutations

You have a pair of horns on your head.
You reflexively headbutt those who attack you in melee.


   Skills:
 - Level 2.0 Fighting
 + Level 3.6 Ranged Weapons
 - Level 2.1 Dodging
 - Level 1.0 Spellcasting
 - Level 2.0 Hexes


You had 3 spell levels left.
You knew the following spells:

 Your Spells              Type           Power      Damage    Failure   Level
a - Slow                  Hex            16%        N/A       19%         1

Your spell library contained the following spells:

 Spells                   Type           Power      Damage    Failure   Level
 Inner Flame              Hex/Fire       2%         N/A       65%         3
 Portal Projectile        Hex/Tloc       4%         N/A       65%         3
 Cause Fear               Hex            2%         N/A       88%         4

Inventory:

Hand Weapons
 Y - a +2 sling (weapon)
Armour
 g - a +0 leather armour (worn)
Jewellery
 h - an amulet of guardian spirit (around neck)
Potions
 d - a potion of resistance {unknown}
 e - a potion of berserk rage {unknown}
 i - a potion of haste {unknown}

Dungeon Overview and Level Annotations

Branches:
Dungeon (2/15)

Altars:


Message History

The sling bullet barely misses the adder.
The adder barely misses you.
You shoot a sling bullet. The sling bullet hits the adder.
You kill the adder!
The goblin hits you but does no damage. The worm bites you!
You have reached level 3!
Your experience leads to an increase in your attributes!
Increase (S)trength, (I)ntelligence, or (D)exterity?
You feel agile. x2
695 ||| STAIRDANCE The goblin hits you but does no damage.
You climb upwards.
There is a stone staircase leading down here.
Enter note:
Enter note:
Enter note:
Enter note: You shoot a sling bullet.
The sling bullet hits the worm.
The worm is moderately wounded.
The worm bites you! The goblin hits you but does no damage.
You shoot a sling bullet. The sling bullet hits the worm.
The worm is moderately wounded.
The goblin misses you. The worm bites you.
You shoot a sling bullet. The sling bullet hits the worm!
The worm is heavily wounded.
The goblin hits you but does no damage.
You shoot a sling bullet. The sling bullet hits the worm.
The worm is almost dead.
The goblin closely misses you. You furiously retaliate!
You headbutt the goblin.
You kill the goblin!
The worm bites you.
You shoot a sling bullet.
The sling bullet barely misses the worm.
The worm bites you!
You shoot a sling bullet. The sling bullet hits the worm.
The worm is almost dead.
You shoot a sling bullet. The sling bullet hits the worm.
The worm is almost dead.
The worm bites you!
You die...

#.###.# #..###### #..#..# #.#
#.## #..###### #..#..# #.# #..#
#.......###..#..# #.####.##
##.......#####..# ........##
######..####...#
......#..##########..##....##
......##.................#.######
......+........w.))##...........#
.....#######...#@...............#
.....#....P#...######...........#
.....#'###.#....# #)..........#
.....#...#.#....# ##...........#
....####.#.#....# #............#
...##.P..8.'....####............#
####._.#####.......#............#
.8....##...........#............#
.#.####............#............#


You could see a worm.

Vanquished Creatures
  An adder (D:2)
  A dart slug (D:1)
  An endoplasm (D:1)
  A giant cockroach (D:1)
  2 hobgoblins (D:1)
  A quokka (D:1)
  3 bats (D:1)
  2 frilled lizards (D:1)
  3 goblins (D:1)
  2 kobolds (D:1)
  3 rats (D:1)
20 creatures vanquished.

Notes
Turn   | Place    | Note
-------+----------+-------------------------------------------
     0 | D:1      | qw the Minotaur Hexslinger began the quest for the Orb.
     0 | D:1      | Reached XP level 1. HP: 16/16 MP: 1/1
     0 | D:1      | 0 ||| qw: Version: 0.3-a-52-g30416fa
     0 | D:1      | 0 ||| qw: Game counter: 4779
     0 | D:1      | 0 ||| qw: Melee chars always use a shield: true
     0 | D:1      | 0 ||| qw: God list: Okawaru
     0 | D:1      | 0 ||| qw: Allow faded altars: false
     0 | D:1      | 0 ||| qw: Do Orc after clearing Dungeon:15 true
     0 | D:1      | 0 ||| qw: Do second Lair branch before Depths: true
     0 | D:1      | 0 ||| qw: Lair rune preference: random
     0 | D:1      | 0 ||| qw: Goals: Normal
     0 | D:1      | 0 ||| PLANNING D:1-11
   199 | D:1      | Reached skill level 3 in Ranged Weapons
   221 | D:1      | Reached XP level 2. HP: 23/23 MP: 2/2
   470 | D:1      | Found a faded altar of an unknown god.
   655 | D:1      | 655 ||| UPGRADING to +0 leather armour.
   665 | D:1      | 665 ||| DROPPING +0 robe.
   666 | D:1      | 666 ||| UPGRADING to amulet of guardian spirit.
   671 | D:1      | 671 ||| READING scroll labelled CUTUR CERGHUNT.
   672 | D:1      | 672 ||| READING scroll labelled TOSYFE RIPSEIS.
   673 | D:1      | 673 ||| READING scroll labelled BOTEWU BEIRINK.
   674 | D:1      | 674 ||| DROPPING scroll of poison.
   695 | D:2      | Reached XP level 3. HP: 19/29 MP: 1/3
   695 | D:2      | 695 ||| STAIRDANCE
   701 | D:1      | HP: 1/29 [worm (8)]
   703 | D:1      | Mangled by a worm

Levels and vault maps discovered:
D:1:      minmay_arrival_wavy_path, layout_basic,
          shapermc_ecumenical_altar_ellora, hangedman_decor_clover_reticule
D:2:      layout_basic

Skill      XL: |  1  2 |
---------------+-------+-----
Ranged Weapons | 3 |  3.6
Fighting       | 2 |  2.0
Dodging        | |  2.1
Spellcasting   | |  1.0
Hexes          | |  2.0

Action                     || total
---------------------------++-------
   Fire: Sling             ||    41
    Use: Scroll            ||     3
 Armour: Robe              ||     2
         Leather armour    ||     4
  Dodge: Dodged            ||     7

Table legend:
 A = Non-vault XP
 B = Vault XP
 C = Vault XP percentage of total XP
 D = Non-vault monster count
 E = Vault monster count
 F = Vault count percentage of total count
                 A         B        C        D         E       F
            +---------+---------+-------+---------+---------+-------
      Total |      43 |       0 |   0.0 |      20 |       0 |   0.0
            +---------+---------+-------+---------+---------+-------
        D:1 |      29 |       0 |   0.0 |      19 |       0 |   0.0
        D:2 |      14 |       0 |   0.0 |       1 |       0 |   0.0
            +---------+---------+-------+---------+---------+-------
